 Dungeon Crawl Stone Soup version 0.17.0-24-gcfadda4 (console) character file.

168 Kloppie the Chiller (level 5, 0/39 (40) HPs)
             Began as a Ghoul Ice Elementalist on Nov 14, 2015.
             Slain by a gnoll
             ... wielding a +0 halberd
              (12 damage)
             ... on level 3 of the Dungeon.
             The game lasted 00:09:13 (4141 turns).

Kloppie the Chiller (Ghoul Ice Elementalist)        Turns: 4141, Time: 00:09:13

HP:   0/39 (40)     AC:  2    Str: 12    XL:     5   Next: 49%
MP:   6/6           EV: 12    Int: 11    God:
Gold: 193           SH:  0    Dex:  9    Spells: 2 memorised, 3 levels left

rFire  . . .     SeeInvis .       - Unarmed
rCold  + . .     Clarity  .     a - +0 robe
rNeg   + + +     SustAt   .     (no shield)
rPois  ∞         Gourm    .     (no helmet)
rElec  .         Spirit   .     (no cloak)
rCorr  .         Warding  .     (no gloves)
rMut   .         Stasis   .     (no boots)
MR     .....                    (no amulet)
Stlth  ++........               (no ring)
                                (no ring)

@: rotting, not resistant to hostile enchantments, unstealthy
A: rotting body, claws 1, carnivore 3, cold resistance 1, negative energy
resistance 3, slow regeneration 1, torment resistance, unbreathing
a: no special abilities


You were on level 3 of the Dungeon.
You were very hungry.

You visited 1 branch of the dungeon, and saw 3 of its levels.

You collected 193 gold pieces.

Inventory:

Armour
 a - a +0 robe (worn)
Jewellery
 e - a +3 ring of intelligence {unknown}
 l - an uncursed ring of stealth {unknown}
 m - an uncursed ring of poison resistance {unknown}
 r - an uncursed ring of magical power {unknown}
Scrolls
 d - a scroll of teleportation {unknown}
 f - a scroll of random uselessness {unknown}
 g - 2 scrolls of magic mapping {unknown}
 k - 6 scrolls of identify {unknown}
 p - 2 scrolls of remove curse {unknown}
 u - a scroll of enchant armour {unknown}
 x - a scroll of noise {unknown}
 y - a scroll of enchant weapon {unknown}
Potions
 h - 2 potions of might {unknown}
 i - a potion of lignification {unknown}
 n - a potion of heal wounds {unknown}
 o - 3 potions of cancellation {unknown}
 q - a potion of resistance {unknown}
 v - a potion of flight {unknown}
 w - a potion of agility {unknown}
 z - a potion of experience {unknown}
Books
 b - a book of Frost

   Spells                             Type                      Level
   a - Freeze                         Ice                          1
   b - Throw Frost                    Conjuration/Ice              2
   c - Ozocubu's Armour               Charms/Ice                   3
   d - Throw Icicle                   Conjuration/Ice              4
   e - Summon Ice Beast               Ice/Summoning                4
   f - Condensation Shield            Ice                          4
Comestibles
 c - 3 meat rations
 j - a beef jerky
 t - a slice of pizza


   Skills:
 - Level 1.5 Fighting
 - Level 1.7 Dodging
 - Level 2.1 Stealth
 + Level 3.2 Unarmed Combat
 - Level 1.7 Spellcasting
   Level 0.7 Conjurations
 + Level 1.2 Charms
 + Level 4.7 Ice Magic


You had 3 spell levels left.
You knew the following spells:

 Your Spells              Type           Power        Failure   Level  Hunger
a - Freeze                Ice            ##..         4%          1    ##.....
b - Ozocubu's Armour      Chrm/Ice       #.......     30%         3    ####...


Dungeon Overview and Level Annotations

Branches:
Dungeon (3/15)

Altars:
Nemelex Xobeh
Ru


Innate Abilities, Weirdness & Mutations

Your body is rotting away.
You thrive on raw meat.
You are immune to poison.
You have sharp fingernails.
You are carnivorous and can eat meat at any time.
Your flesh is cold resistant.
You are immune to negative energy.
You regenerate slowly when monsters are visible.
You are immune to unholy pain and torment.
You can survive without breathing.


Message History

You freeze the gnoll.
The gnoll is almost dead.
The gnoll hits you with a flail!
Casting: Freeze
Confirm with . or Enter, or press ? or * to list all spells.
Aiming: Freeze
Press: ? - help, Shift-Dir - straight line, f/p - gnoll
Aim: a gnoll, wielding a flail (almost dead)
You freeze the gnoll.
You kill the gnoll!
You start resting.
Magic restored.
You start resting.
You see here a flail.
The gnoll shouts!
The gnoll hits you from afar with a halberd!
* * * LOW HITPOINT WARNING * * *
There is an open door here.
The gnoll hits you with a halberd!
You die...

....)......#.......##........#.##
...........##......##.########<..
...........##.###........# #.....
...........##..##........# #.#..#
...........###+##........# .#...
.#####.................[.# # ##..
.# #...................# #.....
.#####.......)...g.......# ######
................@........# #....
>......########'#........####.###
.......# #)#.............# #
#......# #...........##### #
#......# ####'####'###.# #
#......# #.......# # #.# #......#
#.......# ..# #......#
#.......#g# #.. .......#
#.......#g# #.#


You could see a gnoll.

Vanquished Creatures
  An orc wizard (D:2)
  A gnoll (D:3)
  6 adders
  An ooze (D:3)
  4 worms (D:2)
  8 bats
  3 giant cockroaches
  8 hobgoblins
  4 kobolds
  5 quokkas (D:2)
  6 giant newts
  10 goblins
  4 rats
61 creatures vanquished.

Notes
Turn   | Place    | Note
--------------------------------------------------------------
     0 | D:1      | Kloppie the Ghoul Ice Elementalist began the quest for the Orb.
     0 | D:1      | Reached XP level 1. HP: 14/14 MP: 2/2
   352 | D:1      | Reached skill level 1 in Fighting
   352 | D:1      | Reached XP level 2. HP: 17/22 MP: 3/3
  1031 | D:1      | Reached skill level 1 in Unarmed Combat
  1135 | D:1      | Reached XP level 3. HP: 17/25 MP: 4/4
  1551 | D:2      | Learned a level 3 spell: Ozocubu's Armour
  2116 | D:1      | Reached skill level 4 in Ice Magic
  2116 | D:1      | Reached XP level 4. HP: 21/35 MP: 2/5
  2363 | D:2      | Found a sacrificial altar of Ru.
  2405 | D:1      | Reached skill level 1 in Charms
  3055 | D:2      | Reached XP level 5. HP: 35/40 MP: 6/6
  3795 | D:3      | Found a sparkling altar of Nemelex Xobeh.
  4141 | D:3      | Slain by a gnoll

Action                   |  1- 3 |  4- 6 || total
-------------------------+-------+-------++-------
Melee: Unarmed           |   158 |    96 ||   254
 Cast: Freeze            |    21 |    38 ||    59
 Stab: Sleeping          |     2 |     2 ||     4
       Paralysed         |       |     2 ||     2
       Distracted        |       |     1 ||     1
  Eat: Chunk             |     6 |     5 ||    11
